 Dungeon Sprint DCSS version 0.21-a0-442-g848f44b (webtiles) character file.

1885 Kidiri the Fighter (level 8, -4/117 HPs)
             Began as a Red Draconian Transmuter on Nov 16, 2017.
             Was a Priest of Sif Muna.
             Slain by a centaur warrior (13 damage)
             ... in the Dungeon (Sprint I: "Red Sonja").
             The game lasted 00:03:56 (1171 turns).

Kidiri the Fighter (Red Draconian Transmuter)       Turns: 1171, Time: 00:03:57

Health: -4/117     AC:  6    Str: 18    XL:     8   Next: 92%
Magic:  9/16       EV: 16    Int: 14    God:    Sif Muna [***...]
Gold:   405        SH:  0    Dex: 13    Spells: 3/18 levels left

rFire    + . .     SeeInvis .     - Unarmed
rCold    . . .     Gourm    .   (shield currently unavailable)
rNeg     . . .     Faith    .   (armour unavailable)
rPois    .         Spirit   .   (helmet restricted)
rElec    .         Reflect  .   (no cloak)
rCorr    .         Harm     .   (gloves currently unavailable)
MR       .....     NoTele   +   (no boots)
Stlth    ..........             (no amulet)
HPRegen  0.29/turn              (no ring)
MPRegen  0.15/turn              (no ring)

@: berserking (expiring), short of breath, blade hands (expiring), slow
A: breathe fire, unfitting armour, fire resistance 1, cold-blooded, AC +6
a: Breathe Fire, End Transformation, Divine Energy, Channel Magic, Renounce
Religion


You were in the Dungeon.
You worshipped Sif Muna.
Sif Muna was most pleased with you.
You were not hungry.
You had blades for hands.
You visited 1 branch You collected 405 gold pieces.

Inventory:

Missiles
 a - 6 arrows
Scrolls
 i - a scroll of blinking
 l - a scroll of immolation {unknown}
Potions
 d - a potion of curing
 f - a potion of haste
 g - 2 potions of magic
Books
 b - a book of Changes

   Spells                             Type                      Level
   a - Beastly Appendage              Transmutation                1
   b - Sticks to Snakes               Transmutation                2
   c - Spider Form                    Transmutation/Poison         3
   d - Ice Form                       Ice/Transmutation            4
   e - Blade Hands                    Transmutation                5
Comestibles
 k - a royal jelly


   Skills:
 * Level 9.2 Fighting
 * Level 8.0 Dodging
 + Level 5.7 Stealth
 * Level 9.0 Unarmed Combat
 + Level 5.7 Spellcasting
 * Level 8.7 Transmutations
 + Level 3.6 Ice Magic
 + Level 5.4 Poison Magic


You had 3 spell levels left.
You knew the following spells:

 Your Spells              Type           Power        Failure   Level  Hunger
a - Beastly Appendage     Tmut           ####..       11%         1    None
b - Sticks to Snakes      Tmut           ####....     13%         2    #......
c - Spider Form           Tmut/Pois      ###.......   24%         3    ###....
d - Ice Form              Ice/Tmut       ###.....     50%         4    ####...
e - Blade Hands           Tmut           ####......   50%         5    ######.


Dungeon Overview and Level Annotations

Branches:
Dungeon (1/1)

Altars:
Cheibriados
Dithmenos
Elyvilon
Fedhas
Gozag
Hepliaklqana
Kikubaaqudgha
Makhleb
Nemelex Xobeh
Okawaru
Qazlal
Ru
Sif Muna
Trog
Uskayaw
Vehumet
Wu Jian
Xom
Yredelemnul
Zin
The Shining One
Jiyva
Lugonu

Shops:
D %

Annotations:
D exclusion: 2 doors


Innate Abilities, Weirdness & Mutations

You can breathe blasts of fire.
Your fiery red scales are hard. (AC +6)
You cannot fit into any form of body armour.
Your flesh is heat resistant. (rF+)
You are cold-blooded and may be slowed by cold attacks.


Message History

The centaur warrior hits you!
* * * LOW HITPOINT WARNING * * *
You hit the centaur warrior. You tail-slap the centaur warrior!
You kill the centaur warrior!
Sif Muna accepts your kill.
You hear a splash. x2
You can now call upon Sif Muna for magical energy.
Your Fighting skill increases to level 9!
Your Dodging skill increases to level 8!
Your Unarmed Combat skill increases to level 9!
Your Transmutations skill increases to level 8!
Your Poison Magic skill increases to level 5!
The centaur warrior hits you!
* * * LOW HITPOINT WARNING * * *
You slash the centaur warrior!
The centaur warrior is moderately wounded.
You slice the centaur warrior!!
The centaur warrior is severely wounded.
The centaur warrior hits you!
You die...

##########################
#<.#.)'..#.)'..#__#..+[..#
#..'.)#..'..#..+..+..#...#
#..#####+#####'#__####...+
#..####..#...#.####§§#####
#..#__####..##§#§§§§§#
#..#_____##+#_.§@§§§§+
#⌠⌠#_.∩...+..§_#§c§§.#
####_..__##_.#+##+####
#_____###+#.# ####### ###


You could see a centaur warrior.

Vanquished Creatures
  A centaur warrior (D)
  2 kobold demonologists (D)
  A slime creature (D)
  A yak (D)
  A floating eye (D)
  An ogre (D)
  A jelly (D)
  Ijyb (D)
9 creatures vanquished.

Vanquished Creatures (collateral kills)
  Sigmund (D)
1 creature vanquished.

Vanquished Creatures (others)
  A gargoyle (D)
1 creature vanquished.

Grand Total: 11 creatures vanquished

Notes
Turn   | Place    | Note
-------+----------+-------------------------------------------
     0 | D        | Kidiri the Draconian Transmuter began the quest for the Orb.
     0 | D        | Reached XP level 1. HP: 16/16 MP: 3/3
     3 | D        | Noticed Ijyb
    43 | D        | Killed Ijyb
    43 | D        | Reached skill level 1 in Stealth
    43 | D        | Reached XP level 2. HP: 7/25 MP: 3/5
   264 | D        | Learned a level 2 spell: Sticks to Snakes
   411 | D        | Noticed an ogre
   415 | D        | Killed an ogre
   415 | D        | Reached skill level 5 in Unarmed Combat
   415 | D        | Reached XP level 3. HP: 27/34 MP: 0/7
   415 | D        | Reached XP level 4. HP: 33/41 MP: 0/8
   438 | D        | Learned a level 3 spell: Spider Form
   485 | D        | Noticed Sigmund
   492 | D        | Killed Sigmund
   492 | D        | Reached skill level 5 in Fighting
   492 | D        | Reached skill level 5 in Dodging
   492 | D        | Reached skill level 5 in Transmutations
   492 | D        | Reached XP level 5. HP: 46/50 MP: 2/10
   507 | D        | Found an ornate altar of the Wu Jian Council.
   507 | D        | Found a deep blue altar of Sif Muna.
   564 | D        | Learned a level 4 spell: Ice Form
   567 | D        | Found a radiant altar of Vehumet.
   574 | D        | Reached XP level 6. HP: 37/57 MP: 8/12
   592 | D        | Became a worshipper of Sif Muna the Loreminder
   678 | D        | Found Nigenger's Food Emporium.
   678 | D        | Found an ancient bone altar of Kikubaaqudgha.
   678 | D        | Found a hazy altar of Hepliaklqana.
   678 | D        | Found a stormy altar of Qazlal.
   678 | D        | Found a hide-covered altar of Uskayaw.
   678 | D        | Found a blossoming altar of Fedhas.
   678 | D        | Found a bloodstained altar of Trog.
   678 | D        | Found an iron altar of Okawaru.
   678 | D        | Found a basalt altar of Yredelemnul.
   678 | D        | Found a glowing golden altar of the Shining One.
   678 | D        | Found a snail-covered altar of Cheibriados.
   678 | D        | Found a sacrificial altar of Ru.
   678 | D        | Found a glowing silver altar of Zin.
   678 | D        | Found a shadowy altar of Dithmenos.
   678 | D        | Found a white marble altar of Elyvilon.
   678 | D        | Noticed a yak
   679 | D        | Found an opulent altar of Gozag.
   686 | D        | Killed a yak
   686 | D        | Reached skill level 1 in Ice Magic
   687 | D        | Found a sparkling altar of Nemelex Xobeh.
   708 | D        | Found a burning altar of Makhleb.
   708 | D        | Found a viscous altar of Jiyva.
   708 | D        | Found a shimmering altar of Xom.
   708 | D        | Found a corrupted altar of Lugonu.
   708 | D        | Noticed a slime creature
   719 | D        | Killed a slime creature
   719 | D        | Reached * piety under Sif Muna
   719 | D        | Your scales start taking on a fiery red colour.
   719 | D        | Reached XP level 7. HP: 25/66 MP: 12/14
   719 | D        | Gained mutation: Your flesh is heat resistant. (rF+) [Red Draconian growth]
   738 | D        | Learned a level 5 spell: Blade Hands
   886 | D        | Killed a gargoyle
   965 | D        | Noticed a kobold demonologist
   975 | D        | Noticed a kobold demonologist
   976 | D        | Noticed a rust devil
   987 | D        | Killed a kobold demonologist
   987 | D        | Reached ** piety under Sif Muna
   987 | D        | Reached skill level 5 in Spellcasting
  1000 | D        | Killed a kobold demonologist
  1000 | D        | Reached skill level 5 in Stealth
  1000 | D        | Reached XP level 8. HP: 40/75 MP: 3/15
  1160 | D        | Noticed a centaur warrior
  1160 | D        | Noticed a centaur warrior
  1169 | D        | Killed a centaur warrior
  1169 | D        | Reached *** piety under Sif Muna
  1169 | D        | Reached skill level 5 in Poison Magic
  1171 | D        | Slain by a centaur warrior

Vault maps used:
D:        dungeon_sprint_1

Skill      XL: |  1  2  3  4  5  6  7  8 |
---------------+-------------------------+-----
Fighting       | 2 4 5 7 8 9 |  9.2
Dodging        | 2 4 5 6 7 8 |  8.0
Stealth        | 1 2 3 4 5 |  5.7
Transmutations | 3 4 5 6 7 8 |  8.7
Unarmed Combat | 5 6 7 8 9 |  9.0
Spellcasting   | 3 4 5 |  5.7
Poison Magic   | 2 3 4 5 |  5.4
Ice Magic      | 2 3 |  3.6

Action                   |  1- 3 |  4- 6 |  7- 9 || total
-------------------------+-------+-------+-------++-------
Melee: Unarmed           |    38 |    24 |    18 ||    80
       Headbutt          |     6 |       |       ||     6
       Tailslap          |     3 |       |     2 ||     5
 Cast: Beastly Appendage |     4 |       |       ||     4
       Sticks to Snakes  |     3 |     2 |     1 ||     6
       Spider Form       |       |     2 |       ||     2
       Ice Form          |       |     1 |       ||     1
       Blade Hands       |       |       |     3 ||     3
 Abil: Breathe Fire      |       |       |     3 ||     3
  Use: Potion            |     1 |     1 |     1 ||     3
 Stab: Sleeping          |       |     2 |       ||     2
  Eat: Chunk             |       |       |     1 ||     1
       Bread ration      |       |       |     1 ||     1
Armor: Skin              |     5 |     1 |     1 ||     7
Dodge: Dodged            |    13 |     6 |    12 ||    31

Table legend:
 A = Spawn XP
 B = Non-spawn XP
 C = Spawn XP percentage of total XP
 D = Spawn monster count
 E = Non-spawn monster count
 F = Spawn count percentage of total count
 G = Total turns spent on level
                    A         B        C        D         E        F      G
               +---------+---------+-------+---------+---------+-------+---------
         Total |       0 |    2694 |   0.0 |       0 |      10 |   0.0 |  1171
               +---------+---------+-------+---------+---------+-------+---------
             D |       0 |    2694 |   0.0 |       0 |      10 |   0.0 |  1171
               +---------+---------+-------+---------+---------+-------+---------
